General information
- name: BNet
- type: Ladder team game (AT/RT)
- host: Battle.net
- saver:
map: GolemsInTheMist
- players: 8
- length: 35:40
- speed: Fast
- version: 1.26 W3XP
- replay type: Public
» download(272 KB)
Players
team 1 (winner)
Sir_Smokey (
red | 26 APM | 924 actions | 35:14)
7 Blademaster
3 Wind Walk
3 Critical Strike
1 Bladestorm
» actions
| Basic commands | 2 | |
| Build / train | 70 | |
| Enter build submenu | 23 | |
| Enter hero's abilities submenu | 7 | |
| Remove unit from queue | 2 | |
| Right click | 410 | |
| Select / deselect | 341 | |
| Use ability | 69 | |
924 total
» units
| Peon | 11 | |
| Grunt | 9 | |
| Shaman | 9 | |
| Tauren | 11 | |
40 total
» upgrades
| Pillage | 1 | |
| Melee Weapons | 3 | |
| Armor | 2 | |
| Berserker Strength | 1 | |
| Shaman Training | 2 | |
| Witch Doctor Training | 1 | |
10 total
» buildings
| Altar of Storms | 1 | |
| Orc Burrow | 8 | |
| Barracks | 2 | |
| Voodoo Lounge | 1 | |
| War Mill | 1 | |
| Stronghold | 1 | |
| Spirit Lodge | 2 | |
| Fortress | 1 | |
| Great Hall | 3 | |
| Tauren Totem | 2 | |
22 total
» build order
00:05 Altar of Storms
00:08 Orc Burrow
00:55 Barracks
01:45 Orc Burrow
02:02 Barracks
04:04 Orc Burrow
04:08 Voodoo Lounge
04:14 War Mill
04:52 Stronghold
05:08 Orc Burrow
08:42 Spirit Lodge
08:46 Spirit Lodge
09:25 Fortress
12:16 Great Hall
12:25 Orc Burrow
12:28 Tauren Totem
12:32 Tauren Totem
13:11 Great Hall
13:39 Orc Burrow
16:14 Orc Burrow
19:01 Orc Burrow
24:55 Great Hall
» items
| Healing Salve | 3 | |
| Lesser Clarity Potion | 3 | |
| Scroll of Town Portal | 1 | |
| Orb of Lightning | 1 | |
8 total

»
IPlayForFunNubs (
teal | 140 APM | 4845 actions | 34:41)
6 Keeper of the Grove
2 Force of Nature
3 Entangling Roots
1 Tranquility
» actions
| Assign group hotkey | 374 | |
| Basic commands | 412 | |
| Build / train | 148 | |
| ESC pressed | 8 | |
| Enter build submenu | 81 | |
| Enter hero's abilities submenu | 9 | |
| Right click | 2023 | |
| Select / deselect | 820 | |
| Select group hotkey | 705 | |
| Use ability | 265 | |
4845 total
» units
| Wisp | 99 | |
| Archer | 5 | |
| Dryad | 8 | |
| Hippogryph | 10 | |
| Druid of the Talon | 1 | |
123 total
» upgrades
| Ultravision | 1 | |
| Strength of the Wild | 3 | |
| Reinforced Hides | 3 | |
| Strength of the Moon | 1 | |
| Moon Armor | 1 | |
| Nature's Blessing | 1 | |
| Abolish Magic | 1 | |
| Druid of the Claw Training | 1 | |
| Druid of the Talon Training | 1 | |
13 total
» buildings
| Moon Well | 6 | |
| Ancient of War | 1 | |
| Altar of Elders | 1 | |
| Hunter's Hall | 2 | |
| Tree of Life | 5 | |
| Tree of Ages | 1 | |
| Ancient of Lore | 3 | |
| Ancient Protector | 55 | |
| Tree of Eternity | 1 | |
| Ancient of Wind | 3 | |
78 total
» build order
00:35 Moon Well
00:52 Ancient of War
01:27 Altar of Elders
01:30 Moon Well
03:35 Moon Well
05:05 Hunter's Hall
05:18 Tree of Life
05:21 Tree of Life
05:25 Tree of Ages
06:01 Hunter's Hall
07:53 Ancient of Lore
07:54 Ancient of Lore
07:55 Ancient of Lore
09:03 Moon Well
09:04 Moon Well
09:08 Moon Well
10:00 Ancient Protector
10:00 Ancient Protector
10:01 Ancient Protector
10:25 Ancient Protector
12:37 Tree of Life
14:29 Ancient Protector
14:35 Ancient Protector
14:36 Ancient Protector
15:08 Ancient Protector
15:09 Ancient Protector
15:10 Ancient Protector
15:10 Ancient Protector
16:36 Tree of Eternity
20:28 Ancient Protector
20:28 Ancient Protector
20:28 Ancient Protector
20:29 Ancient Protector
20:30 Ancient Protector
20:30 Ancient Protector
20:30 Ancient Protector
20:31 Ancient Protector
20:32 Ancient Protector
20:33 Ancient Protector
20:33 Ancient Protector
20:34 Ancient Protector
20:35 Ancient Protector
20:35 Ancient Protector
20:37 Ancient Protector
20:59 Ancient Protector
20:59 Ancient Protector
20:59 Ancient Protector
21:00 Ancient Protector
21:01 Ancient Protector
21:01 Ancient Protector
21:02 Ancient Protector
21:02 Ancient Protector
21:18 Ancient Protector
21:20 Ancient Protector
21:21 Ancient Protector
21:22 Ancient Protector
21:23 Ancient Protector
21:25 Ancient Protector
21:52 Ancient Protector
21:53 Ancient Protector
21:53 Ancient Protector
21:54 Ancient Protector
22:12 Ancient Protector
22:12 Ancient Protector
22:13 Ancient Protector
22:14 Ancient Protector
22:14 Ancient Protector
22:40 Ancient of Wind
22:41 Ancient of Wind
22:42 Ancient of Wind
23:48 Ancient Protector
23:49 Ancient Protector
23:51 Ancient Protector
27:26 Tree of Life
28:58 Tree of Life
shriver13 (
blue | 28 APM | 1016 actions | 35:40)
6 Shadow Hunter
3 Healing Wave
1 Hex
1 Serpent Ward
1 Big Bad Voodoo
» actions
| Assign group hotkey | 4 | |
| Build / train | 63 | |
| Enter build submenu | 23 | |
| Enter hero's abilities submenu | 6 | |
| Remove unit from queue | 6 | |
| Right click | 501 | |
| Select / deselect | 352 | |
| Select group hotkey | 5 | |
| Use ability | 56 | |
1016 total
» units
| Peon | 10 | |
| Grunt | 6 | |
| Troll Headhunter/Berserker | 2 | |
| Raider | 2 | |
| Goblin Zeppelin | 1 | |
| Tauren | 24 | |
45 total
» upgrades
» buildings
| Altar of Storms | 1 | |
| Orc Burrow | 8 | |
| Barracks | 1 | |
| War Mill | 1 | |
| Stronghold | 1 | |
| Beastiary | 1 | |
| Fortress | 1 | |
| Tauren Totem | 2 | |
| Great Hall | 3 | |
19 total
» build order
00:07 Altar of Storms
00:11 Orc Burrow
00:48 Barracks
01:58 Orc Burrow
02:52 War Mill
03:15 Orc Burrow
03:56 Stronghold
06:23 Beastiary
07:48 Fortress
08:54 Orc Burrow
08:58 Orc Burrow
11:02 Tauren Totem
11:03 Tauren Totem
12:13 Orc Burrow
13:16 Orc Burrow
14:18 Orc Burrow
22:11 Great Hall
27:23 Great Hall
28:49 Great Hall
JogaTaKE (
green | 34 APM | 1167 actions | 34:45)
7 Priestess of the Moon
3 Searing Arrows
3 Trueshot Aura
1 Starfall
» actions
| Assign group hotkey | 9 | |
| Basic commands | 34 | |
| Build / train | 78 | |
| Enter build submenu | 20 | |
| Enter hero's abilities submenu | 7 | |
| Right click | 651 | |
| Select / deselect | 299 | |
| Select group hotkey | 11 | |
| Use ability | 58 | |
1167 total
» units
| Wisp | 17 | |
| Archer | 2 | |
| Dryad | 18 | |
| Glaive Thrower | 1 | |
| Druid of the Claw | 8 | |
| Hippogryph | 9 | |
55 total
» upgrades
| Strength of the Wild | 3 | |
| Reinforced Hides | 3 | |
| Abolish Magic | 1 | |
| Druid of the Claw Training | 2 | |
| Vorpal Blades | 1 | |
| Nature's Blessing | 1 | |
| Mark of the Claw | 1 | |
12 total
» buildings
| Altar of Elders | 2 | |
| Moon Well | 9 | |
| Ancient of War | 1 | |
| Tree of Ages | 2 | |
| Hunter's Hall | 1 | |
| Ancient of Lore | 3 | |
| Tree of Eternity | 1 | |
| Tree of Life | 1 | |
| Ancient of Wind | 2 | |
22 total
» build order
00:19 Altar of Elders
00:23 Moon Well
01:13 Moon Well
01:48 Ancient of War
02:00 Moon Well
03:02 Tree of Ages
03:12 Hunter's Hall
03:27 Moon Well
04:34 Moon Well
04:38 Moon Well
05:25 Ancient of Lore
05:31 Ancient of Lore
06:29 Ancient of Lore
08:46 Tree of Eternity
19:25 Tree of Life
20:32 Ancient of Wind
20:36 Ancient of Wind
28:38 Tree of Ages
31:13 Altar of Elders
32:32 Moon Well
32:51 Moon Well
32:53 Moon Well
team 2 (loser)
RedTailsMedia (
orange | 62 APM | 2198 actions | 35:40)
5 Archmage
3 Blizzard
2 Brilliance Aura
6 Paladin
3 Holy Light
2 Divine Shield
1 Devotion Aura
4 Mountain King
2 Storm Bolt
2 Bash
» actions
| Assign group hotkey | 37 | |
| Basic commands | 120 | |
| Build / train | 74 | |
| ESC pressed | 6 | |
| Enter build submenu | 24 | |
| Enter hero's abilities submenu | 16 | |
| Give item / drop item | 1 | |
| Right click | 721 | |
| Select / deselect | 593 | |
| Select group hotkey | 512 | |
| Use ability | 94 | |
2198 total
» units
| Peasant | 14 | |
| Goblin Shredder | 1 | |
| Flying Machine | 12 | |
| Goblin Sapper | 1 | |
28 total
» upgrades
| Masonry | 3 | |
| Flak Cannons | 1 | |
| Flying Machine Bombs | 2 | |
| Gunpowder | 3 | |
| Plating | 1 | |
10 total
» buildings
| Altar of Kings | 1 | |
| Farm | 7 | |
| Arcane Vault | 1 | |
| Lumber Mill | 1 | |
| Scout Tower | 8 | |
| Arcane Tower | 3 | |
| Keep | 1 | |
| Blacksmith | 1 | |
| Guard Tower | 5 | |
| Workshop | 3 | |
| Castle | 1 | |
32 total
» build order
00:04 Altar of Kings
00:16 Farm
01:04 Arcane Vault
01:15 Lumber Mill
01:54 Scout Tower
02:35 Arcane Tower
02:35 Arcane Tower
02:49 Keep
03:00 Scout Tower
03:30 Scout Tower
03:43 Arcane Tower
03:55 Blacksmith
04:29 Scout Tower
04:32 Scout Tower
04:36 Scout Tower
04:39 Scout Tower
05:01 Guard Tower
05:06 Guard Tower
05:06 Guard Tower
05:07 Guard Tower
05:19 Farm
05:22 Farm
06:20 Workshop
07:48 Workshop
08:22 Castle
09:49 Scout Tower
10:05 Workshop
10:25 Guard Tower
13:11 Farm
13:16 Farm
13:42 Farm
13:43 Farm
» items
| Potion of Healing | 3 | |
| Orb of Fire | 2 | |
| Scroll of Regeneration | 1 | |
| Staff of Sanctuary | 1 | |
| Lesser Clarity Potion | 1 | |
8 total

»
dxgmms1.sys (
yellow | 66 APM | 2353 actions | 35:40)
10 Keeper of the Grove
3 Entangling Roots
3 Force of Nature
1 Tranquility
3 Thorns Aura
» actions
| Assign group hotkey | 328 | |
| Basic commands | 240 | |
| Build / train | 118 | |
| ESC pressed | 3 | |
| Enter build submenu | 27 | |
| Enter hero's abilities submenu | 11 | |
| Right click | 819 | |
| Select / deselect | 229 | |
| Select group hotkey | 436 | |
| Use ability | 142 | |
2353 total
» units
| Wisp | 30 | |
| Archer | 26 | |
| Huntress | 6 | |
| Dryad | 5 | |
| Chimaera | 1 | |
68 total
» upgrades
| Ultravision | 1 | |
| Sentinel | 1 | |
| Improved Bows | 2 | |
| Strength of the Moon | 3 | |
| Moon Armor | 4 | |
| Strength of the Wild | 3 | |
| Reinforced Hides | 4 | |
| Upgrade Moon Glaive | 1 | |
| Marksmanship | 1 | |
| Abolish Magic | 1 | |
| Druid of the Claw Training | 1 | |
| Well Spring | 1 | |
| Nature's Blessing | 1 | |
| Corrosive Breath | 1 | |
25 total
» buildings
| Moon Well | 5 | |
| Altar of Elders | 1 | |
| Ancient of War | 2 | |
| Hunter's Hall | 1 | |
| Ancient of Wonders | 1 | |
| Tree of Ages | 2 | |
| Tree of Life | 3 | |
| Ancient Protector | 4 | |
| Tree of Eternity | 1 | |
| Ancient of Lore | 2 | |
| Ancient of Wind | 1 | |
| Chimaera Roost | 6 | |
29 total
» build order
00:28 Moon Well
00:43 Altar of Elders
01:07 Moon Well
01:42 Ancient of War
02:02 Moon Well
02:18 Moon Well
02:36 Ancient of War
03:22 Hunter's Hall
04:06 Ancient of Wonders
04:31 Tree of Ages
04:44 Moon Well
07:09 Tree of Life
07:12 Ancient Protector
08:03 Tree of Life
08:53 Tree of Eternity
12:44 Ancient Protector
12:53 Ancient of Lore
12:56 Ancient of Lore
13:11 Ancient Protector
13:14 Ancient Protector
18:37 Tree of Life
21:08 Tree of Ages
27:08 Ancient of Wind
28:52 Chimaera Roost
28:54 Chimaera Roost
28:55 Chimaera Roost
28:57 Chimaera Roost
28:57 Chimaera Roost
28:59 Chimaera Roost
» items
| Scroll of Town Portal | 2 | |
| Potion of Healing | 2 | |
| Orb of Venom | 1 | |
| Staff of Preservation | 1 | |
| Lesser Clarity Potion | 2 | |
| Potion of Mana | 2 | |
| Anti-magic Potion | 1 | |
11 total
Mahney (
pink | 28 APM | 986 actions | 35:40)
3 Blood Mage
2 Flame Strike
1 Siphon Mana
1 Archmage
1 Blizzard
» actions
| Assign group hotkey | 26 | |
| Build / train | 92 | |
| Enter build submenu | 52 | |
| Enter hero's abilities submenu | 4 | |
| Give item / drop item | 2 | |
| Remove unit from queue | 6 | |
| Right click | 214 | |
| Select / deselect | 304 | |
| Select group hotkey | 210 | |
| Use ability | 73 | |
986 total
» units
| Peasant | 12 | |
| Footman | 6 | |
| Goblin Shredder | 2 | |
| Rifleman | 15 | |
| Flying Machine | 18 | |
53 total
» upgrades
| Plating | 2 | |
| Gunpowder | 2 | |
| Armor | 2 | |
| Masonry | 3 | |
| Long Rifles | 1 | |
| Flak Cannons | 1 | |
| Flying Machine Bombs | 1 | |
12 total
» buildings
| Altar of Kings | 2 | |
| Farm | 20 | |
| Barracks | 4 | |
| Scout Tower | 6 | |
| Arcane Tower | 2 | |
| Lumber Mill | 1 | |
| Arcane Vault | 1 | |
| Blacksmith | 2 | |
| Town Hall | 3 | |
| Guard Tower | 3 | |
| Keep | 3 | |
| Castle | 2 | |
| Workshop | 3 | |
52 total
» build order
00:19 Altar of Kings
00:25 Farm
00:47 Barracks
01:11 Farm
01:30 Scout Tower
02:00 Scout Tower
02:07 Arcane Tower
02:53 Lumber Mill
02:57 Arcane Tower
03:01 Farm
03:42 Farm
04:36 Arcane Vault
04:54 Blacksmith
05:10 Barracks
06:16 Town Hall
06:49 Farm
07:55 Scout Tower
08:29 Guard Tower
08:37 Farm
09:19 Farm
09:23 Keep
11:57 Castle
12:05 Scout Tower
13:23 Guard Tower
13:28 Farm
13:57 Workshop
14:04 Workshop
14:13 Farm
15:11 Farm
15:19 Workshop
15:55 Scout Tower
16:45 Guard Tower
16:49 Scout Tower
19:50 Keep
21:30 Altar of Kings
21:41 Farm
22:25 Farm
23:17 Farm
24:39 Farm
26:02 Farm
26:56 Town Hall
27:21 Farm
28:47 Farm
29:08 Castle
30:21 Farm
30:42 Blacksmith
30:57 Barracks
31:07 Barracks
32:58 Farm
33:59 Town Hall
34:37 Farm
» items
| Scroll of Regeneration | 3 | |
| Lesser Clarity Potion | 1 | |
| Scroll of Town Portal | 1 | |
| Potion of Healing | 1 | |
6 total
ksteun (
purple | 73 APM | 2608 actions | 35:40)
9 Death Knight
2 Death Coil
3 Unholy Aura
1 Animate Dead
3 Death Pact
» actions
| Assign group hotkey | 53 | |
| Basic commands | 63 | |
| Build / train | 74 | |
| ESC pressed | 2 | |
| Enter build submenu | 27 | |
| Enter hero's abilities submenu | 9 | |
| Right click | 1931 | |
| Select / deselect | 208 | |
| Select group hotkey | 201 | |
| Use ability | 39 | |
2608 total
» units
| Acolyte | 7 | |
| Ghoul | 3 | |
| Crypt Fiend | 21 | |
| Frost Wyrm | 19 | |
50 total
» upgrades
| Creature Attack | 3 | |
| Creature Carapace | 2 | |
| Web | 1 | |
| Freezing Breath | 1 | |
7 total
» buildings
| Altar of Darkness | 1 | |
| Ziggurat | 11 | |
| Crypt | 2 | |
| Graveyard | 1 | |
| Nerubian Tower | 1 | |
| Halls of the Dead | 2 | |
| Spirit Tower | 1 | |
| Black Citadel | 1 | |
| Sacrificial Pit | 1 | |
| Boneyard | 2 | |
23 total
» build order
00:08 Altar of Darkness
00:10 Ziggurat
00:38 Crypt
01:07 Graveyard
01:23 Ziggurat
02:10 Crypt
02:23 Nerubian Tower
04:06 Ziggurat
05:05 Ziggurat
06:09 Halls of the Dead
06:09 Halls of the Dead
07:24 Spirit Tower
08:25 Ziggurat
08:29 Ziggurat
08:32 Ziggurat
08:35 Ziggurat
10:27 Black Citadel
13:00 Sacrificial Pit
14:13 Boneyard
14:44 Boneyard
21:51 Ziggurat
23:02 Ziggurat
23:02 Ziggurat
Chat log
(00:06 / All) dxgmms1.sys: god damn not again!
(00:11 / Allies) Mahney: bm, am, rif
(00:18 / All) dxgmms1.sys: blah blah I hate facing you™
(00:24 / All) RedTailsMedia: We're fine
(00:25 / All) IPlayForFunNubs: Milhouse, being chased by the FBI: "Oh no, not again!"
(00:28 / Allies) ksteun: WE WILL RAPE THEM
(00:34 / All) RedTailsMedia: Yes purp
(00:35 / All) RedTailsMedia: Yes we will
(00:39 / All) dxgmms1.sys: stop watching 10 year old simpsons ghetto
(00:41 / Allies) ksteun: WHAT'S THE DEAL
(00:43 / Allies) ksteun: what are we going for
(00:44 / All) IPlayForFunNubs: Why?
(00:54 / All) dxgmms1.sys: also, ghetto, you mentioned watching old simpsons on youtube
(00:57 / All) IPlayForFunNubs: Ten-year-old Simpsons is the best Simpsons.
(01:01 / All) dxgmms1.sys: i attempted to and all i got were tons of fake videos :(
(01:09 / All) IPlayForFunNubs: There's no full episodes to be found.
(01:13 / All) IPlayForFunNubs: Torrent or buy.
(01:18 / All) dxgmms1.sys: meh
(01:49 / All) RedTailsMedia: anyway, regardless, this is the only game I can do today
(01:50 / All) IPlayForFunNubs: You guys need to learn proper base builds.
(01:51 / All) IPlayForFunNubs: <3
(01:54 / All) IPlayForFunNubs: kk, nps
(02:05 / All) IPlayForFunNubs: pink
(02:08 / All) IPlayForFunNubs: is your base a riddle
(02:47 / All) dxgmms1.sys: hows my terribad base build, ghetto?
(02:54 / All) IPlayForFunNubs: i know you're expanding
(02:55 / All) IPlayForFunNubs: lol
(03:01 / All) dxgmms1.sys: how? lol
(03:05 / All) RedTailsMedia: maphack obvs
(03:07 / All) IPlayForFunNubs: you're ELF
(03:09 / All) dxgmms1.sys: i mean, how can I expand
(03:19 / All) IPlayForFunNubs: dammit pies come on lol
(03:23 / All) RedTailsMedia: didn't even notice
(03:25 / All) RedTailsMedia: until it was too late
(03:57 / All) IPlayForFunNubs: Oh, and I pretty much have your side of the map scouted.
(04:00 / All) IPlayForFunNubs: gl
(04:03 / All) RedTailsMedia: Nice
(04:06 / All) RedTailsMedia: fake scout
(04:08 / All) RedTailsMedia: so you can say you don't ahck
(04:11 / All) dxgmms1.sys: ghetto I told you to not be so pro vs me
(04:35 / All) IPlayForFunNubs: But it comes so natural!
(04:37 / Allies) ksteun: whats the game plan
(04:48 / Allies) RedTailsMedia: put em on the ground and stomp on their face
(04:59 / Allies) RedTailsMedia: and tower my base a little
(05:24 / Allies) dxgmms1.sys: purp
(05:29 / Allies) ksteun: omw
(05:48 / Allies) RedTailsMedia: gold pelase if you can spare
(05:58 / Allies) RedTailsMedia: ty
(07:19 / Allies) RedTailsMedia: more gold pelas
(07:29 / Allies) RedTailsMedia: damn
(07:33 / Allies) RedTailsMedia: you actually spend your money
(07:39 / Allies) RedTailsMedia: i thought this was random team?
(07:41 / Allies) ksteun: no shit
(07:42 / Allies) ksteun: lol
(07:43 / Allies) dxgmms1.sys: sorry pies
(07:52 / Allies) RedTailsMedia: better known as "daycare"
(07:52 / Allies) dxgmms1.sys: btw they've creeped all their expos
(08:01 / All) IPlayForFunNubs: idiot
(08:03 / All) IPlayForFunNubs: you killed my wisp
(08:06 / All) dxgmms1.sys: O NOEZ
(08:37 / All) RedTailsMedia: It's like aimhack
(08:39 / All) RedTailsMedia: But it's detonate hack
(08:46 / All) RedTailsMedia: Where they auto detonate
(08:50 / All) IPlayForFunNubs: pretty much
(09:07 / All) RedTailsMedia: I think you don't hear a whole lot about new hacks lately
(09:11 / All) RedTailsMedia: because of karune's departure
(09:13 / All) RedTailsMedia: yeah
(09:14 / All) RedTailsMedia: I SAID IT
(09:27 / All) RedTailsMedia: we all know he was buds with bendik
(09:30 / All) IPlayForFunNubs: lol
(09:31 / All) RedTailsMedia: and such
(09:44 / All) IPlayForFunNubs: karune is a pretty cool guy
(10:58 / Allies) Mahney: WTF
(11:21 / Allies) Mahney: FOLLOWME I TK
(11:47 / All) Sir_Smokey: picked off!
(11:52 / All) RedTailsMedia: every time an elf builds a dryad
(11:54 / All) RedTailsMedia: I kick a baby
(12:08 / All) IPlayForFunNubs: i thought about proxy chims
(12:09 / All) IPlayForFunNubs: but meh
(13:07 / Allies) RedTailsMedia: wood please
(14:16 / Allies) ksteun: what the fuck
(14:26 / Allies) ksteun: pink
(14:28 / Allies) ksteun: you're useless
(14:31 / Allies) ksteun: orange
(14:38 / Allies) ksteun: what the fuck
(14:59 / All) Sir_Smokey: looks like we're gonna win
(15:21 / All) RedTailsMedia: because of portal, whenever I'm being trash talked while orange or blue, I hear it in GLaDOS's voice.
(15:27 / All) IPlayForFunNubs: lol
(15:32 / All) Sir_Smokey: lmao!
(15:38 / All) Sir_Smokey: I'm not even angry
(15:42 / All) RedTailsMedia: i know
(15:43 / All) RedTailsMedia: It's purple
(15:49 / All) IPlayForFunNubs: purple
(15:51 / All) IPlayForFunNubs: why are you mad at him
(15:55 / All) RedTailsMedia: i dunno
(15:56 / All) IPlayForFunNubs: that you had a seizure for 20 seconds
(15:57 / All) RedTailsMedia: he just said
(15:59 / All) RedTailsMedia: "waht the fuck"
(15:59 / All) IPlayForFunNubs: during which all your fiends died
(16:02 / All) Sir_Smokey: because he's being so sincere right now
(16:25 / All) IPlayForFunNubs: nobody on our team went air, teelo o.o
(16:45 / All) RedTailsMedia: i'm pies
(16:46 / All) RedTailsMedia: btw
(16:49 / All) IPlayForFunNubs: oh hmmm
(16:53 / All) IPlayForFunNubs: sorry
(17:02 / All) RedTailsMedia: yeah
(17:04 / All) RedTailsMedia: I just figured
(17:06 / All) RedTailsMedia: fopter siege
(17:10 / All) RedTailsMedia: Would be good vs dryads
(17:11 / All) RedTailsMedia: or something
(17:12 / All) RedTailsMedia: I dunno
(17:18 / All) RedTailsMedia: didn't have enough money to get them in mass though
(17:21 / All) RedTailsMedia: whatever
(17:23 / All) Mahney: wow nigger allies
(17:25 / All) RedTailsMedia: lol
(17:30 / All) IPlayForFunNubs: holy fuck
(17:34 / All) IPlayForFunNubs: this kid has 6,000 RT games
(17:38 / All) IPlayForFunNubs: with a losing record
(17:39 / All) RedTailsMedia: who pink?
(17:41 / All) IPlayForFunNubs: and he's blaming his allies
(17:42 / All) IPlayForFunNubs: yes
(17:43 / All) RedTailsMedia: Lol
(17:56 / All) RedTailsMedia: oh
(17:57 / All) Mahney: not 1 person tps
(17:58 / All) RedTailsMedia: he made copters too
(18:00 / All) RedTailsMedia: didn'tsee
(18:05 / All) Mahney: that means nigger allies
(18:05 / All) RedTailsMedia: Of course I wouldn't tp
(18:06 / All) IPlayForFunNubs: they were fighting from behind sillyhead
(18:08 / All) RedTailsMedia: I'm RIGHT NEXT TO YOU
(18:12 / All) IPlayForFunNubs: no i'm pretty sure it means
(18:15 / All) IPlayForFunNubs: you're not good at the game
(18:20 / All) Mahney: lmao
(18:36 / All) Mahney: i kill u nigger ass regularly
(18:40 / All) RedTailsMedia: lol
(18:42 / All) RedTailsMedia: i call obs
(18:47 / All) IPlayForFunNubs: sorry
(18:50 / All) IPlayForFunNubs: obama is president
(18:52 / All) IPlayForFunNubs: get over it
(18:55 / All) RedTailsMedia: |haha
(19:32 / All) Mahney: nigger allies
(19:36 / All) Mahney: thats real
(19:37 / All) IPlayForFunNubs: shit player
(19:40 / All) IPlayForFunNubs: that's you
(19:45 / All) Mahney: u fucks r lucky
(19:51 / All) IPlayForFunNubs: after 6,000 games
(19:54 / All) IPlayForFunNubs: he still uses the word luck
(19:55 / All) IPlayForFunNubs: lol
(19:59 / All) RedTailsMedia: well duh
(20:01 / All) RedTailsMedia: This matchup
(20:03 / All) RedTailsMedia: Is so volatile
(20:05 / All) RedTailsMedia: no wonder we lost
(20:16 / All) IPlayForFunNubs: UEHH vs. EOOE
(20:19 / All) IPlayForFunNubs: highly volatile
(20:21 / All) RedTailsMedia: yep
(20:54 / All) RedTailsMedia: Yeh
(20:59 / All) RedTailsMedia: I jsu tried to blow up taurens with sappers
(21:01 / All) Mahney: u niggers r gonna lose, u just dont realize it yet, lol
(21:03 / All) RedTailsMedia: Seemed like a good idea
(21:13 / All) IPlayForFunNubs: dont worry pink im building a great wall of ancients
(21:16 / All) IPlayForFunNubs: just to make sure that doesn't happen
(21:30 / All) RedTailsMedia: hahah red
(21:33 / All) RedTailsMedia: Good luck bladestorming my copters
(21:40 / All) Sir_Smokey: wasn't trying to
(21:43 / All) RedTailsMedia: oh
(21:46 / All) Sir_Smokey: im doing it on your fucking buildings
(21:56 / All) Mahney: u lose niggers
(22:02 / All) IPlayForFunNubs: k
(22:04 / All) RedTailsMedia: and i'm doin it
(22:06 / All) RedTailsMedia: On your shamans
(22:28 / All) RedTailsMedia: AW yeah
(22:30 / All) RedTailsMedia: Killed a level 7 bm
(22:31 / All) RedTailsMedia: With copters
(22:38 / All) RedTailsMedia: How do you fucking feel
(23:08 / All) IPlayForFunNubs: fuck i just spent 10,000 resources on ancients
(23:14 / All) RedTailsMedia: oh crap
(23:15 / All) IPlayForFunNubs: gotta get hippos
(23:20 / All) RedTailsMedia: I don't have a hall or peasants anymore
(23:24 / All) RedTailsMedia: who on my team needs wood?
(23:52 / All) RedTailsMedia: lol
(23:53 / All) RedTailsMedia: is yellow
(23:55 / All) RedTailsMedia: really trying to
(23:56 / All) RedTailsMedia: lol
(24:01 / All) RedTailsMedia: well
(24:02 / All) RedTailsMedia: He's doing good
(24:05 / All) RedTailsMedia: I'll go help him out
(24:09 / All) RedTailsMedia: WITH PALADINS
(25:02 / All) IPlayForFunNubs: well this should be interesting
(26:19 / Allies) ksteun: lol
(26:21 / Allies) ksteun: massed hippos
(26:21 / Allies) ksteun: rofl
(26:23 / All) RedTailsMedia: took so long to kill that peon
(26:29 / All) RedTailsMedia: well it makes sense
(26:36 / All) RedTailsMedia: now that the guys who were massing coptesr can't make anything anymore
(26:49 / Allies) ksteun: fuck
(26:59 / Allies) ksteun: help me kill blue and green
(27:00 / All) RedTailsMedia: well now i'm down to only 3 heroes
(27:00 / Allies) ksteun: come topside
(27:12 / Allies) RedTailsMedia: ok
(27:22 / Allies) ksteun: go around top
(27:26 / Allies) ksteun: only way
(27:31 / Allies) ksteun: yellow
(27:37 / Allies) ksteun: we kill green and blue
(27:37 / Allies) ksteun: we win
(27:42 / Allies) RedTailsMedia: ok
(27:58 / Allies) RedTailsMedia: lol woops
(28:54 / Allies) ksteun: gold please
(28:56 / Allies) ksteun: i need to xp
(28:57 / Allies) ksteun: xpo
(28:57 / Allies) RedTailsMedia: got none
(29:10 / Allies) ksteun: thanks boss
(29:33 / Allies) dxgmms1.sys: get in range of my tranq purp
(33:01 / All) IPlayForFunNubs: maybe investing 10,000 resources in ancients wasn't a good idea
(33:26 / All) dxgmms1.sys: lol i loved getting to lv10 killing them earlier
(33:27 / All) RedTailsMedia: lol maybe
(33:46 / All) RedTailsMedia: Did you know
(33:49 / All) RedTailsMedia: That brill aura
(33:52 / All) RedTailsMedia: Makes detonate useles
(33:58 / All) RedTailsMedia: useless*
(34:09 / All) IPlayForFunNubs: Reported.
(34:16 / All) RedTailsMedia: cept for that exp deny I guess
(34:18 / All) RedTailsMedia: no it still sucks
(34:25 / All) IPlayForFunNubs: alright
(34:29 / All) IPlayForFunNubs: gg
(34:29 / All) dxgmms1.sys: <3 tranq
(34:33 / All) RedTailsMedia: k gg
(34:37 / All) RedTailsMedia: thanks for playin
(34:37 / All) IPlayForFunNubs: ill ttyl
(34:39 / All) IPlayForFunNubs: si
(34:47 / All) RedTailsMedia: Surprised we won this
(34:49 / All) dxgmms1.sys: ty ghetto
(34:53 / All) dxgmms1.sys: night boys
(34:54 / Allies) ksteun: yeah
(34:56 / All) RedTailsMedia: When i lost my whole fucking base
(34:58 / All) Mahney: thought i was gonna lose
(34:58 / Allies) ksteun: i thought we were done for sure
(35:05 / All) Mahney: what happened niggers
(35:30 / All) dxgmms1.sys: i thought it was over when that BM took out my archers in one bladestorm
(35:31 / All) dxgmms1.sys: lol
(35:36 / All) RedTailsMedia: alright seeya teelo
(35:38 / All) RedTailsMedia: i'm out
(35:40 / All) dxgmms1.sys: night pies